 Dungeon Sprint DCSS version 0.29-a0-284-gf9362112df (webtiles) character file.

Game seed: 12822744242452367193

5 horus123 the Fighter (level 5, 0/67 HPs)
             Began as a Hill Orc Fighter on Mar 17, 2022.
             Was an Initiate of Makhleb.
             Slain by Pikel
             ... wielding a +0 whip of flaming
              (1 damage)
             ... in the Dungeon (Sprint VI: "Thunderdome").
             The game lasted 00:02:39 (225 turns).

horus123 the Fighter (Hill Orc Fighter)              Turns: 225, Time: 00:02:40

Health: 0/67       AC:  6    Str: 21    XL:     5   Next: 98%
Magic:  5/5        EV:  9    Int:  8    God:    Makhleb [......]
Gold:   210        SH:  4    Dex: 10    Spells: 4/4 levels left

rFire   . . .      SeeInvis .   a - +0 war axe
rCold   . . .      Faith    .   c - +0 buckler
rNeg    . . .      Spirit   .   b - +0 scale mail
rPois   .          Reflect  .   (no helmet)
rElec   .          Harm     .   (no cloak)
rCorr   .          Rampage  .   (no gloves)
Will    .....      NoTele   +   (no boots)
Stlth   ..........              (no amulet)
HPRegen 0.21/turn               (no ring)
MPRegen 0.09/turn               (no ring)

@: mighty
A: no striking features
a: Renounce Religion


You were in the Dungeon.
You worshipped Makhleb.
Makhleb was noncommittal.
You visited 1 branch You collected 210 gold pieces.

Inventory:

Hand Weapons
 a - a +0 war axe (weapon)
Armour
 b - a +0 scale mail (worn)
 c - a +0 buckler (worn)
Wands
 k - a wand of acid (5)
 l - a wand of iceblast (5)
Scrolls
 j - 4 scrolls of blinking
 m - 3 scrolls of fog
Potions
 e - a potion of cancellation {unknown}
 f - a potion of heal wounds
 g - 4 potions of haste
 h - 2 potions of magic
 n - a potion of resistance


   Skills:
 - Level 14.2 Fighting
 + Level 2.8 Axes
 - Level 3.2 Armour
 - Level 3.2 Shields


You had 4 spell levels left.
You didn't know any spells.
Your spell library was empty.

Dungeon Overview and Level Annotations

Branches:
Dungeon (1/1)

Altars:
Cheibriados
Dithmenos
Fedhas
Gozag
Kikubaaqudgha
Makhleb
Okawaru
Qazlal
Ru
Sif Muna
Trog
Uskayaw
Vehumet
Wu Jian
Xom
Yredelemnul
Zin
The Shining One
Beogh
Lugonu

Shops:
D *[??*?*:[((!!!!

Annotations:
D Pikel


Message History

Your will is overpowered!
You are more confused.
You miss Pikel.
Pikel hits you with a +0 whip of flaming.
Pikel burns you.
* * * LOW HITPOINT WARNING * * *
You bump into the rock wall.
Pikel hits you with a +0 whip of flaming.
* * * LOW HITPOINT WARNING * * *
Pikel burns you.
* * * LOW HITPOINT WARNING * * *
Pikel zaps a wand.
You resist with some effort.
You bump into the rock wall.
You bump into the granite statue.
Pikel zaps a wand.
You resist with some effort.
You bump into the granite statue.
Pikel hits you with a +0 whip of flaming!
* * * LOW HITPOINT WARNING * * *
Pikel burns you.
* * * LOW HITPOINT WARNING * * *
Unknown command.
You slice Pikel!!
Pikel is heavily wounded.
Pikel hits you but does no damage.
Unknown command.
Unknown command.
Unknown command.
You hit Pikel.
Pikel is severely wounded.
You feel less confused. Pikel hits you but does no damage.
Pikel closely misses you.
You barely miss Pikel.
Pikel is severely wounded.
Pikel says, "You'll make a fine lemure."
Pikel zaps a wand.
You resist with some effort.
You closely miss Pikel.
Pikel is severely wounded.
Pikel hits you with a +0 whip of flaming.
* * * LOW HITPOINT WARNING * * *
Pikel burns you.
You die...

#⌠...........⌠#
######.8.........8.######
##.___......###.......__∩#
###∩........8.# #.8........∩
##.............###...........
#⌠..........###...###........
#⌠..........# #.<.# #........
#§.........K###...###........
##..........@..###...........
###∩........8.# #.8........∩
##∩___†[.)..###......___∩#
######.8.........8.######
#⌠...........⌠#
###.........### #........_#
#_......._# #_......._#


You could see Pikel.

Vanquished Creatures
  Sigmund (D)
  A scorpion (D)
  An orc (D)
  A goblin (D)
4 creatures vanquished.

Notes
Turn   | Place    | Note
-------+----------+-------------------------------------------
     0 | D        | horus123 the Hill Orc Fighter began the quest for the Orb.
     0 | D        | Reached XP level 1. HP: 19/19 MP: 1/1
     1 | D        | Found a shimmering blue altar of Sif Muna.
     2 | D        | Found an ornate altar of the Wu Jian Council.
     2 | D        | Found a shadowy altar of Dithmenos.
     3 | D        | Found a corrupted altar of Lugonu.
     4 | D        | Found an opulent altar of Gozag.
     4 | D        | Found Fuoxydgh's Staff Store.
     4 | D        | Found Apetixei's Magic Scroll Shop.
     5 | D        | Found Ecvepteb's Must-Have Magic.
     5 | D        | Found Gedu's Magic Scroll Shop.
     5 | D        | Round 1.
     6 | D        | Found a shimmering altar of Xom.
     7 | D        | Found Afogam's Distillery.
     8 | D        | Found Bidwiott's Distillery.
     8 | D        | Found Ophostow's Bottled Wisdom.
     8 | D        | Found a blossoming altar of Fedhas.
     8 | D        | Found an ancient bone altar of Kikubaaqudgha.
     8 | D        | Found a bloodstained altar of Trog.
     8 | D        | Found Synierph's Do-It-Yourself Clinic.
    12 | D        | Found an iron altar of Okawaru.
    13 | D        | Found a stormy altar of Qazlal.
    14 | D        | Found a snail-covered altar of Cheibriados.
    15 | D        | Found a roughly hewn altar of Beogh.
    15 | D        | Found a radiant altar of Vehumet.
    15 | D        | Found Umueq's Weapon Rack.
    15 | D        | Found Dopawkui's Premium Goods.
    16 | D        | Found Bahaodin's Basic Armour.
    16 | D        | Found Caepsor's Miscellaneous Merchandise.
    19 | D        | Found a sacrificial altar of Ru.
    20 | D        | Found a basalt altar of Yredelemnul.
    21 | D        | Noticed Sigmund
    22 | D        | Found a glowing silver altar of Zin.
    24 | D        | Found Kittous's Identification Station.
    30 | D        | Found Acsoemem's Advanced Armour.
    30 | D        | Found Loekesho's Jewellery.
    34 | D        | Reached skill level 4 in Fighting
    41 | D        | Killed Sigmund
    42 | D        | Reached skill level 13 in Fighting
    42 | D        | Reached XP level 2. HP: 4/44 MP: 2/2
    42 | D        | Reached XP level 3. HP: 5/50 MP: 3/3
    42 | D        | Reached XP level 4. HP: 6/58 MP: 4/4
    42 | D        | Reached XP level 5. HP: 6/64 MP: 5/5
    44 | D        | Found a hide-covered altar of Uskayaw.
    44 | D        | Found a burning altar of Makhleb.
    44 | D        | Found a glowing golden altar of the Shining One.
    55 | D        | Became a worshipper of Makhleb the Destroyer
   101 | D        | Reached skill level 14 in Fighting
   184 | D        | Arena points: 5 (+5) [x1]
   199 | D        | Round 2.
   209 | D        | Noticed Pikel
   221 | D        | HP: 3/67 [Pikel/+0 whip of flaming (1)]
   225 | D        | HP: 1/67 [Pikel/+0 whip of flaming (3)]
   225 | D        | Slain by Pikel

Illustrated notes

Levels and vault maps discovered:
D:        arena_sprint

Skill      XL: |  1  2  3  4  5 |
---------------+----------------+-----
Fighting       | 13 14 | 14.2
Axes           | |  2.8
Armour         | |  3.2
Shields        | |  3.2

Action                   |  1- 3 |  4- 6 || total
-------------------------+-------+-------++-------
Melee: War axe           |     9 |    17 ||    26
  Use: Potion            |     2 |     4 ||     6
Armor: Scale mail        |     1 |     9 ||    10
Dodge: Dodged            |     2 |     5 ||     7
Block: Buckler           |     2 |     3 ||     5

Table legend: (Time is in decaauts)
 A = Elapsed time spent in this place.
 B = Non-inter-level travel time spent in this place.
 C = Inter-level travel time spent in this place.
 D = Time resting spent in this place.
 E = Time spent auto-exploring this place.
 F = Levels seen in this place.
 G = Mean time per level.
                   A        B        C        D        E       F      G
               +--------+--------+--------+--------+--------+-----+--------+
         Total |    243 |    243 |      0 |      8 |     18 |   1 |  243.0 |
       Dungeon |    243 |    243 |      0 |      8 |     18 |   1 |  243.0 |
               +--------+--------+--------+--------+--------+-----+--------+

Top non-repeatable levels by time:
       D: 243 daAuts
